[Event "Titled Tuesday Blitz May 10 Late 2022"]
[White "Ricaurte Lopez, Juan Carlos"]
[Black "Karas, Marek"]
[WhiteFideId "3600327"]
[BlackFideId "14928558"]
[WhiteElo "2209"]
[BlackElo "2271"]
[Result "0-1"]
[Round "03"]
[TimeControl "180+1"]
[Date "2022.05.11"]
[WhiteClock "0:00:20"]
[BlackClock "0:00:56"]

1. e4 f5 2. exf5 Nf6 3. d4 d5 4. Bd3 c5 5. dxc5 e6 6. fxe6 Bxc5 7. Nf3 O-O 8. O-O Bxe6 9. Nc3 Nc6 10. h3 Qd7 11. Na4 Bd6 12. Ng5 Rae8 13. Nxe6 Qxe6 14. Bd2 Qe5 15. g3 Ne4 16. Bxe4 dxe4 17. Nc3 Bc5 18. Kg2 Nd4 19. Be3 Nf5 20. Bxc5 Rd8 21. Qg4 Qxc5 22. Qxe4 Rd2 23. Rad1 Ne3+ 24. Kg1 Nxf1 25. Qe6+ Kh8 26. Rxf1 Rdxf2 0-1


[Site "https://www.chess.com"]

[Event "Titled Tuesday Blitz May 10 Late 2022"]
[White "Romanchuk, Viktor"]
[Black "Diaz, Fernando"]
[WhiteFideId "14109271"]
[BlackFideId "3701255"]
[WhiteElo "2242"]
[BlackElo "1934"]
[Result "0-1"]
[Round "03"]
[TimeControl "180+1"]
[Date "2022.05.11"]
[WhiteClock "0:00:18"]
[BlackClock "0:01:09"]

1. d4 e5 2. dxe5 d6 3. Nf3 Nc6 4. exd6 Bxd6 5. c3 Bg4 6. Nbd2 Qe7 7. Nc4 Bc5 8. Be3 Rd8 9. Qa4 Nf6 10. Bxc5 Qxc5 11. e3 b5 12. b4 Qd5 13. Qxb5 Qxb5 14. Nd6+ Rxd6 15. Bxb5 O-O 16. Nd4 Nxd4 17. cxd4 Rb6 18. Bd3 Rxb4 19. O-O Rb2 20. Rfc1 Rfb8 21. h3 Be2 22. Bxe2 Rxe2 23. Rxc7 h5 24. Rxa7 Rbb2 25. Rf1 Ne4 26. Ra5 Ng3 0-1


[Site "https://www.chess.com"]

[Event "Titled Tuesday Blitz May 10 Late 2022"]
[White "Rosenberg, Evan S"]
[Black "Sailer, Mike"]
[WhiteFideId "2019299"]
[BlackFideId "2012901"]
[WhiteElo "2369"]
[BlackElo "2109"]
[Result "1-0"]
[Round "03"]
[TimeControl "180+1"]
[Date "2022.05.11"]
[WhiteClock "0:00:36"]
[BlackClock "0:00:13"]

1. d4 d5 2. Nf3 Bf5 3. c4 e6 4. Nc3 Nc6 5. a3 Nf6 6. e3 Be7 7. Qb3 Rb8 8. cxd5 exd5 9. h3 O-O 10. g4 Be4 11. Nxe4 dxe4 12. Nd2 Re8 13. Bg2 Bd6 14. Nc4 Bf8 15. Bd2 b5 16. Na5 Nxa5 17. Bxa5 Nd5 18. Rc1 Qd7 19. Qc2 b4 20. O-O bxa3 21. bxa3 Bxa3 22. Rb1 Rxb1 23. Rxb1 Bd6 24. Bxe4 Nf6 25. Bc6 Qe7 26. Bxe8 Qxe8 27. Bxc7 Bf8 28. Rb8 Qd7 29. Be5 Nd5 30. Qc5 1-0


[Site "https://www.chess.com"]

[Event "Titled Tuesday Blitz May 10 Late 2022"]
[White "Rustemov, Alexander"]
[Black "Bluebaum, Matthias"]
[WhiteFideId "4119002"]
[BlackFideId "24651516"]
[WhiteElo "2735"]
[BlackElo "2556"]
[Result "1/2-1/2"]
[Round "03"]
[TimeControl "180+1"]
[Date "2022.05.10"]
[WhiteClock "0:00:12"]
[BlackClock "0:00:06"]

1. d4 Nf6 2. c4 e6 3. Nf3 d5 4. Nc3 Bb4 5. Bg5 h6 6. Bxf6 Qxf6 7. e3 O-O 8. Qb3 c5 9. cxd5 exd5 10. dxc5 Bxc3+ 11. Qxc3 Qxc3+ 12. bxc3 Be6 13. Nd4 Rc8 14. Nb3 Nd7 15. Kd2 Nxc5 16. Nxc5 Rxc5 17. Bd3 Rac8 18. Rhc1 b6 19. a4 Kf8 20. Ra3 Bd7 21. Rb1 Ra5 22. Bb5 Ke7 23. Bxd7 Kxd7 24. Rb5 Rc5 25. Rb4 Kc6 26. Kd3 Kd6 27. h4 b5 28. h5 a6 29. Rg4 Rc4 30. Rxg7 Rcxa4 31. Rb3 Ke6 32. Rb2 Ra2 33. Kc2 Ra1 34. Rh7 Rf1 35. Rxh6+ f6 36. Kd3 Ra4 37. Rh8 Rh1 38. g3 Kf7 39. Ke2 Kg7 40. Rd8 Rxh5 41. Rd2 Rc4 42. Rd3 Rc5 43. Ra8 Rc6 44. Rd8 Kf7 45. g4 Rg5 46. Kf3 Ke7 47. Ra8 f5 48. gxf5 Rxf5+ 49. Ke2 Kd6 50. e4 Re5 51. Rxd5+ Rxd5 52. exd5 Kxd5 53. Kd3 Rf6 54. f4 Kc5 55. Ke4 Re6+ 56. Kd3 Rf6 57. Ke4 Re6+ 58. Kd3 Kb6 59. f5 Re5 60. Rf8 a5 61. f6 Rf5 62. Ke4 Rf1 63. f7 Kb7 64. Ke5 a4 65. Ke6 a3 66. Rd8 a2 67. Rd7+ Kb6 68. Rd6+ Kb7 69. Rd7+ Kb6 70. Rd6+ Ka5 71. Rd8 Ka4 72. Ra8+ Kb3 73. Ra5 Kb2 74. Rxb5+ Kxc3 75. Ra5 Kb2 76. Rxa2+ Kxa2 77. Ke7 Kb3 78. f8=Q Rxf8 79. Kxf8 1/2-1/2


[Site "https://www.chess.com"]

[Event "Titled Tuesday Blitz May 10 Late 2022"]
[White "Sabar, Ethmane Daouda"]
[Black "Bifulco, Michel"]
[WhiteFideId "19600097"]
[BlackFideId "828580"]
[WhiteElo "1950"]
[BlackElo "2165"]
[Result "0-1"]
[Round "03"]
[TimeControl "180+1"]
[Date "2022.05.11"]
[WhiteClock "0:00:21"]
[BlackClock "0:00:24"]

1. Nf3 Nf6 2. g3 g6 3. Bg2 Bg7 4. O-O O-O 5. d3 d6 6. Nbd2 e5 7. e4 c6 8. c3 Nbd7 9. a4 Re8 10. a5 Nf8 11. h3 h6 12. Kh2 Be6 13. Qc2 Qd7 14. Re1 N6h7 15. Nf1 f5 16. Be3 f4 17. gxf4 exf4 18. Bxf4 g5 19. Bg3 Ng6 20. d4 Rf8 21. Ne3 Nf4 22. Nf5 Rxf5 23. exf5 Bxf5 24. Qd2 Nxg2 25. Kxg2 Bxh3+ 26. Kh2 Rf8 27. Ng1 Bf5 28. Qe3 Nf6 29. Qe7 Qc8 30. Bxd6 Ng4+ 31. Kg3 Bd7 32. f3 Re8 33. fxg4 Rxe7 34. Rxe7 Bxg4 35. Rae1 Bh5 36. R1e6 c5 37. dxc5 b6 38. axb6 axb6 39. b4 bxc5 40. bxc5 Qa8 41. c6 Qa4 42. c7 Qg4+ 43. Kf2 Qf5+ 44. Ke1 Bxc3# 0-1


[Site "https://www.chess.com"]

[Event "Titled Tuesday Blitz May 10 Late 2022"]
[White "Sargsyan, Anna M."]
[Black "Suleymanli, Aydin"]
[WhiteFideId "13308130"]
[BlackFideId "13413937"]
[WhiteElo "2271"]
[BlackElo "2481"]
[Result "0-1"]
[Round "03"]
[TimeControl "180+1"]
[Date "2022.05.10"]
[WhiteClock "0:00:09"]
[BlackClock "0:01:42"]

1. d4 d5 2. c4 e6 3. Nf3 Nf6 4. Nc3 Bb4 5. Bg5 dxc4 6. e4 c5 7. Bxc4 cxd4 8. Qa4+ Nc6 9. O-O-O Qb6 10. Nxd4 Bd7 11. Bxf6 gxf6 12. Ndb5 O-O-O 13. a3 Bxc3 14. Nxc3 Ne5 15. Bb5 Bxb5 16. Nxb5 Kb8 17. f3 Nd3+ 18. Kc2 Qf2+ 19. Rd2 Ne1+ 0-1


[Site "https://www.chess.com"]

[Event "Titled Tuesday Blitz May 10 Late 2022"]
[White "Sarkar, Justin"]
[Black "Gomez Dieguez, David"]
[WhiteFideId "2010011"]
[BlackFideId "22223630"]
[WhiteElo "2020"]
[BlackElo "2115"]
[Result "1-0"]
[Round "03"]
[TimeControl "180+1"]
[Date "2022.05.11"]
[WhiteClock "0:00:01"]
[BlackClock "0:00:52"]

1. e4 c6 2. d4 d5 3. e5 c5 4. c3 Nc6 5. Nf3 Bg4 6. Be2 cxd4 7. Nxd4 Bxe2 8. Qxe2 e6 9. Nxc6 bxc6 10. O-O Ne7 11. Nd2 Ng6 12. Nf3 Be7 13. c4 O-O 14. b3 a5 15. g3 a4 16. Bb2 axb3 17. axb3 Qb6 18. Qc2 Rfb8 19. Rxa8 Rxa8 20. h4 h6 21. h5 Nf8 22. Ra1 Rb8 23. cxd5 cxd5 24. Nd4 Bc5 25. Qd3 Bxd4 26. Bxd4 Qxb3 27. Qxb3 Rxb3 28. Ra8 Rb1+ 29. Kg2 Rc1 30. Bb2 Re1 31. Ba3 Rxe5 32. Rxf8+ Kh7 33. Rxf7 Rxh5 34. Bb2 Rg5 35. f4 Rg6 36. Kf3 Kg8 37. Re7 Kf8 38. Ba3 Kg8 39. Re8+ Kh7 40. Bb2 h5 41. Rf8 Kh6 42. Rh8# 1-0


[Site "https://www.chess.com"]

[Event "Titled Tuesday Blitz May 10 Late 2022"]
[White "Shimanov, Aleksandr"]
[Black "Girsh, Daniel"]
[WhiteFideId "4198603"]
[BlackFideId "30949190"]
[WhiteElo "2605"]
[BlackElo "2465"]
[Result "1-0"]
[Round "03"]
[TimeControl "180+1"]
[Date "2022.05.10"]
[WhiteClock "0:00:24"]
[BlackClock "0:00:01"]

1. d4 Nf6 2. Nc3 d5 3. Bf4 e6 4. Nb5 Na6 5. e3 Be7 6. Nf3 O-O 7. Ne5 c6 8. Nc3 Nb8 9. g4 c5 10. g5 Nfd7 11. h4 Nc6 12. Nf3 Qb6 13. a3 cxd4 14. exd4 f6 15. Bd3 e5 16. Bd2 exd4 17. Nxd5 Qc5 18. Qe2 Nde5 19. Nxe5 Nxe5 20. Qe4 Nxd3+ 21. cxd3 Bd6 22. Bb4 Qc6 23. gxf6 Re8 24. Ne7+ Bxe7 25. fxe7 Qxe4+ 26. dxe4 a5 27. Bd6 Ra6 28. e5 Bf5 29. Rc1 Rc6 30. Rxc6 bxc6 31. Kd2 Kf7 32. Rc1 Be4 33. Rc4 Ke6 34. Rxd4 Bd5 35. Ra4 Ra8 36. Rxa5 Rc8 37. Ra7 Kf7 38. Rd7 Ke8 39. Rb7 c5 40. Rb5 1-0


[Site "https://www.chess.com"]

[Event "Titled Tuesday Blitz May 10 Late 2022"]
[White "Skliarov, Viktor"]
[Black "D`Arruda, Ricardo D."]
[WhiteFideId "14106736"]
[BlackFideId "100692"]
[WhiteElo "2229"]
[BlackElo "2463"]
[Result "1-0"]
[Round "03"]
[TimeControl "180+1"]
[Date "2022.05.11"]
[WhiteClock "0:00:14"]
[BlackClock "0:00:21"]

1. e4 c5 2. Nf3 Nc6 3. Bb5 e6 4. Bxc6 dxc6 5. d3 c4 6. dxc4 Qxd1+ 7. Kxd1 Nf6 8. e5 Nd7 9. Nc3 b6 10. Ke2 Bb7 11. Bf4 h6 12. h4 c5 13. Rad1 a6 14. Ke3 Be7 15. Ne4 Bxe4 16. Kxe4 O-O-O 17. h5 Nb8 18. g4 Nc6 19. c3 f6 20. Ke3 Rdf8 21. Bg3 f5 22. Nh2 fxg4 23. Nxg4 Rf5 24. f4 Rhf8 25. Ke4 Rd8 26. Rxd8+ Nxd8 27. Ne3 Rf8 28. Bh4 Bxh4 29. Rxh4 Nc6 30. Rg4 Rf7 31. f5 Kd7 32. fxe6+ Kxe6 33. Rg6+ Kd7 34. e6+ 1-0


[Site "https://www.chess.com"]

[Event "Titled Tuesday Blitz May 10 Late 2022"]
[White "Sloan, Julia Elizabeth"]
[Black "Wagner, Dinara"]
[WhiteFideId "2018950"]
[BlackFideId "24157570"]
[WhiteElo "2113"]
[BlackElo "2216"]
[Result "0-1"]
[Round "03"]
[TimeControl "180+1"]
[Date "2022.05.11"]
[WhiteClock "0:00:32"]
[BlackClock "0:00:58"]

1. d4 Nf6 2. c4 e6 3. Nf3 d5 4. g3 dxc4 5. Nbd2 b5 6. Bg2 Bb7 7. a4 a6 8. e3 Nbd7 9. O-O Be7 10. Qc2 O-O 11. e4 c5 12. e5 Nd5 13. Re1 Nb4 14. Qb1 Nd3 15. Re2 cxd4 16. Nxd4 Bxg2 17. Kxg2 N7xe5 18. N2f3 Nxf3 19. Nxf3 Qd5 20. Be3 b4 21. Qc2 Rac8 22. Rd1 Rfd8 23. Red2 Qe4 24. b3 Nf4+ 25. Bxf4 Qxc2 26. Rxc2 Rxd1 27. bxc4 b3 28. Rb2 Rd3 29. Ne1 Rc3 30. Bd2 R3xc4 31. Rxb3 Rxa4 32. Nf3 h6 33. Be3 Bf6 34. Rb7 Ra2 35. g4 a5 36. h4 a4 37. Ra7 a3 38. Bd4 Bxd4 39. Nxd4 Rc4 40. Nb5 Rxg4+ 41. Kf3 Rxh4 42. Rxa3 Rxa3+ 43. Nxa3 Rh3+ 0-1


[Site "https://www.chess.com"]

[Event "Titled Tuesday Blitz May 10 Late 2022"]
[White "Song, Guannan Terry"]
[Black "Wartiovaara, Oliver"]
[WhiteFideId "2614189"]
[BlackFideId "513024"]
[WhiteElo "2115"]
[BlackElo "1971"]
[Result "1-0"]
[Round "03"]
[TimeControl "180+1"]
[Date "2022.05.11"]
[WhiteClock "0:02:31"]
[BlackClock "0:01:25"]

1. d4 Nf6 2. Bg5 e6 3. e4 c5 4. Nf3 cxd4 5. Nxd4 Be7 6. Nc3 O-O 7. e5 Ne8 8. h4 h6 9. Bd3 hxg5 10. Bh7+ Kh8 11. Qh5 1-0


[Site "https://www.chess.com"]

[Event "Titled Tuesday Blitz May 10 Late 2022"]
[White "Srinath, Rao S.V."]
[Black "Adewumi, Tanitoluwa"]
[WhiteFideId "5028876"]
[BlackFideId "30966396"]
[WhiteElo "2181"]
[BlackElo "2513"]
[Result "1-0"]
[Round "03"]
[TimeControl "180+1"]
[Date "2022.05.11"]
[WhiteClock "0:01:14"]
[BlackClock "0:00:09"]

1. e4 c5 2. Nf3 e6 3. c3 Nf6 4. e5 Nd5 5. d4 cxd4 6. cxd4 d6 7. Bc4 Nb6 8. Bb3 Nc6 9. exd6 Bxd6 10. O-O O-O 11. Nc3 h6 12. a3 Bd7 13. Qd3 Ne7 14. Bc2 f5 15. Re1 Ned5 16. Ne5 Rc8 17. Bb3 a6 18. Nxd5 exd5 19. Bf4 Bb5 20. Qf3 Bxe5 21. Bxe5 Bc4 22. Bc2 Qd7 23. h4 Rc6 24. Qf4 Rg6 25. h5 Rg4 26. Qf3 Qf7 27. Bd6 Rxd4 28. Bxf8 Qxf8 29. Bxf5 Qf6 30. Re8+ Kf7 31. Bg6# 1-0


[Site "https://www.chess.com"]

[Event "Titled Tuesday Blitz May 10 Late 2022"]
[White "Steinberg, Nitzan"]
[Black "Khripachenko, Alexander"]
[WhiteFideId "2801795"]
[BlackFideId "54184975"]
[WhiteElo "2471"]
[BlackElo "2138"]
[Result "0-1"]
[Round "03"]
[TimeControl "180+1"]
[Date "2022.05.10"]
[WhiteClock "0:00:04"]
[BlackClock "0:00:11"]

1. e4 c6 2. d4 d5 3. e5 Bf5 4. Nf3 e6 5. Be2 Nd7 6. Be3 a6 7. O-O c5 8. c3 Rc8 9. Ne1 Bg6 10. Nd2 Ne7 11. f4 cxd4 12. cxd4 Qb6 13. Nb3 h5 14. Bf2 Nf5 15. Nd3 Be7 16. Ndc5 Nxc5 17. dxc5 Qb4 18. g3 f6 19. exf6 Bxf6 20. Bd3 Kf7 21. Qe2 Rhe8 22. Rac1 Kg8 23. Kh1 Kh7 24. Rfe1 Re7 25. Rc2 a5 26. c6 b6 27. Nd2 Rec7 28. Qxe6 Nxg3+ 29. hxg3 Bxd3 30. Rec1 Bxc2 31. Rxc2 Qb5 32. Qf5+ Kg8 33. Qe6+ Kh8 34. Nf3 Rxc6 35. Qxc8+ Rxc8 36. Rxc8+ Kh7 37. Kg2 Qxb2 38. a4 b5 39. axb5 Qxb5 40. Rc7 a4 41. Ra7 Qb3 42. Nd4 Qd3 43. Nc6 a3 44. Ne5 Qe4+ 45. Kh2 Bxe5 46. fxe5 Qc2 47. Kg2 a2 48. e6 Kg6 49. Ra6 Qb2 50. e7+ Kf7 51. Ra8 Kxe7 52. Ra7+ Kd8 53. Ra8+ Kc7 54. Ra7+ Kb8 0-1


[Site "https://www.chess.com"]

[Event "Titled Tuesday Blitz May 10 Late 2022"]
[White "Stoleriu, George"]
[Black "Bernal Moro, Luis Javier"]
[WhiteFideId "1227505"]
[BlackFideId "2200236"]
[WhiteElo "2194"]
[BlackElo "2373"]
[Result "1-0"]
[Round "03"]
[TimeControl "180+1"]
[Date "2022.05.11"]
[WhiteClock "0:00:13"]
[BlackClock "0:00:07"]

1. e4 c5 2. Nf3 e6 3. b3 b6 4. Bb2 Bb7 5. d3 Nf6 6. Nbd2 d5 7. Qe2 Be7 8. g3 Nc6 9. Bg2 d4 10. O-O e5 11. Nc4 Qc7 12. a4 a6 13. c3 O-O 14. cxd4 cxd4 15. Rac1 Nd7 16. Nfd2 b5 17. Na3 Qb6 18. f4 Nc5 19. a5 Qd8 20. fxe5 Nxe5 21. Rxc5 Bxc5 22. Nc2 Bc8 23. b4 Ba7 24. Nb3 Bg4 25. Qd2 Be6 26. Nc5 Bxc5 27. bxc5 Nc6 28. Ra1 Ra7 29. e5 Bd5 30. Re1 Bxg2 31. Qxg2 Qd7 32. Re4 Re8 33. Nxd4 Nxe5 34. Qe2 f6 35. Nc2 Raa8 36. Bxe5 Rxe5 37. Rxe5 fxe5 38. Qe4 Rd8 39. Nb4 Qd4+ 40. Qxd4 Rxd4 41. Nxa6 Rxd3 42. Nb4 Rc3 43. c6 Rc4 44. a6 Rxb4 45. a7 Ra4 46. c7 Ra1+ 47. Kg2 Rxa7 48. c8=Q+ Kf7 49. Qf5+ Kg8 50. Qe6+ Kf8 51. Qd6+ Re7 52. Qb8+ Kf7 53. Qxb5 e4 54. Qc4+ Kf8 55. Kf2 h6 56. Ke3 Ke8 57. Qc8+ Kf7 58. Qf5+ Ke8 59. h4 Kd8 60. Qd5+ Ke8 61. Qf5 Kd8 62. g4 Ke8 63. Qc8+ Kf7 64. Qf5+ Ke8 65. g5 hxg5 66. hxg5 Kd8 67. g6 Ke8 68. Qc8# 1-0


[Site "https://www.chess.com"]

[Event "Titled Tuesday Blitz May 10 Late 2022"]
[White "Suder, Jakub"]
[Black "Weber, Samuel"]
[WhiteFideId "1195310"]
[BlackFideId "12924008"]
[WhiteElo "2058"]
[BlackElo "2215"]
[Result "1-0"]
[Round "03"]
[TimeControl "180+1"]
[Date "2022.05.11"]
[WhiteClock "0:01:43"]
[BlackClock "0:00:38"]

1. d4 Nf6 2. c4 e6 3. Nc3 c5 4. d5 exd5 5. cxd5 d6 6. e4 g6 7. f4 Bg7 8. Bb5+ Nfd7 9. a4 Na6 10. Nf3 Nc7 11. O-O Nxb5 12. axb5 O-O 13. Be3 Re8 14. Bf2 Nf6 15. Bh4 Qb6 16. Kh1 Nxe4 17. Re1 Bf5 18. Qb3 Bf6 19. Rxe4 Bxh4 20. Rxe8+ Rxe8 21. Nxh4 c4 22. Qd1 Bd3 23. Qg1 Qd8 24. Nf3 Qf6 25. Qd4 Qf5 26. h3 h6 27. Rxa7 g5 28. fxg5 hxg5 29. Qg4 Qxg4 30. hxg4 Be2 31. Rxb7 Re3 32. Rc7 Bxf3 33. gxf3 Rxf3 34. b6 1-0


[Site "https://www.chess.com"]

[Event "Titled Tuesday Blitz May 10 Late 2022"]
[White "Svane, Frederik"]
[Black "Lewtak, Damian"]
[WhiteFideId "12923044"]
[BlackFideId "1141724"]
[WhiteElo "2459"]
[BlackElo "2362"]
[Result "1/2-1/2"]
[Round "03"]
[TimeControl "180+1"]
[Date "2022.05.10"]
[WhiteClock "0:00:13"]
[BlackClock "0:00:19"]

1. e4 c5 2. Nc3 Nc6 3. Nf3 d6 4. d4 cxd4 5. Nxd4 Nf6 6. Bg5 e6 7. Qd2 a6 8. O-O-O Bd7 9. f3 Be7 10. Kb1 Nxd4 11. Qxd4 b5 12. g4 h5 13. gxh5 Nxh5 14. Bxe7 Qxe7 15. Qe3 Bc6 16. Rg1 b4 17. Ne2 a5 18. Nd4 Bd7 19. f4 g6 20. Qf2 Qf6 21. f5 gxf5 22. exf5 e5 23. Nb5 Bxb5 24. Bxb5+ Ke7 25. Qb6 Rhd8 26. Rg4 Qxf5 27. Qc7+ Kf6 28. Rxd6+ Rxd6 29. Qxd6+ Qe6 30. Qd1 Nf4 31. Rg3 Qb6 32. Bd3 Rd8 33. Qf3 Ke7 34. Rg5 Qd4 35. Rg3 a4 36. Qe3 a3 37. Qxd4 Rxd4 38. h4 e4 39. Re3 Ng2 40. Rxe4+ Rxe4 41. Bxe4 Nxh4 42. c3 bxc3 43. bxa3 f5 44. Bd3 Kd6 45. Kc2 Nf3 46. Kxc3 Kc5 47. Bxf5 Kb6 48. Kc4 Ne5+ 49. Kd5 Nc6 50. Be4 Na7 51. Bd3 Nc6 52. Kd6 Nd4 53. Ke5 Nc6+ 54. Kd5 Na5 55. Be2 Nc6 56. Bf3 Ne7+ 57. Ke6 Nc8 58. Kd7 Na7 59. Kd6 Nb5+ 60. Kd5 Nxa3 61. Be2 Nb5 62. Kc4 Nd6+ 63. Kb4 Nb7 64. Bf3 Na5 65. Bd5 Nb7 66. Bc4 Na5 67. Bb5 Nb7 68. Bd3 Na5 69. Be4 Nb7 70. Kc4 Na5+ 71. Kd5 Nb7 72. Bd3 Na5 73. Kd6 Nb7+ 74. Kd5 Na5 75. Be2 Nb7 76. Kc4 Na5+ 77. Kb4 Nb7 78. Bf3 Na5 79. a4 Nb7 80. Bxb7 Kxb7 81. Kb5 Ka7 82. a5 Ka8 83. a6 Kb8 84. Kb6 Ka8 85. a7 1/2-1/2


[Site "https://www.chess.com"]

[Event "Titled Tuesday Blitz May 10 Late 2022"]
[White "Svane, Rasmus"]
[Black "Papp, Levente"]
[WhiteFideId "4657101"]
[BlackFideId "751243"]
[WhiteElo "2674"]
[BlackElo "2308"]
[Result "1/2-1/2"]
[Round "03"]
[TimeControl "180+1"]
[Date "2022.05.10"]
[WhiteClock "0:00:43"]
[BlackClock "0:00:59"]

1. Nf3 Nf6 2. g3 g6 3. Bg2 Bg7 4. O-O O-O 5. d4 d5 6. c3 Bf5 7. Qb3 Qc8 8. Bf4 Nbd7 9. c4 dxc4 10. Qxc4 c6 11. Nc3 Nb6 12. Qb3 Nbd5 13. Be5 Be6 14. Qc2 Bf5 15. e4 Nxc3 16. exf5 Ncd5 17. fxg6 hxg6 18. Rfe1 Nd7 19. h4 Nxe5 20. Nxe5 e6 21. Bh3 Qd8 22. Nxg6 fxg6 23. Qxg6 Nc7 24. Bxe6+ Nxe6 25. Qxe6+ Kh8 26. Rad1 Qa5 27. d5 Qb6 28. Rd2 cxd5 29. Qxd5 Rad8 30. Qh5+ Kg8 31. Rde2 Rd3 32. Re3 Rxe3 33. Rxe3 Qxb2 34. Qd5+ Kh8 35. Qh5+ Kg8 36. Qd5+ Kh8 37. Qh5+ Kg8 1/2-1/2


[Site "https://www.chess.com"]

[Event "Titled Tuesday Blitz May 10 Late 2022"]
[White "Svicevic, Rastko"]
[Black "Della Morte, German"]
[WhiteFideId "916315"]
[BlackFideId "113522"]
[WhiteElo "2132"]
[BlackElo "2363"]
[Result "0-1"]
[Round "03"]
[TimeControl "180+1"]
[Date "2022.05.11"]
[WhiteClock "0:00:09"]
[BlackClock "0:00:18"]

1. d4 Nf6 2. Bg5 d5 3. Bxf6 gxf6 4. e3 c5 5. g3 Qb6 6. b3 Nc6 7. c3 e6 8. Ne2 Bd7 9. Bg2 O-O-O 10. Nd2 Kb8 11. a4 Bc8 12. dxc5 Bxc5 13. b4 Be7 14. O-O Ne5 15. Nd4 h5 16. h4 Ng4 17. a5 Qc7 18. b5 Qxc3 19. Qe2 Ne5 20. Rfc1 Qd3 21. Qe1 Rhg8 22. Bf1 Qg6 23. Rc3 Bb4 24. N2f3 Nxf3+ 25. Nxf3 Bxc3 26. Qxc3 Bd7 27. Bd3 Qg4 28. b6 Rc8 29. Qxf6 Qg7 30. Qf4+ Ka8 31. a6 axb6 32. axb7+ Kxb7 33. Ba6+ Ka7 34. Bxc8+ Qxa1+ 35. Kg2 Rxc8 36. Qxf7 Rc7 37. Qxh5 b5 38. Qh8 Qxh8 0-1


[Site "https://www.chess.com"]

[Event "Titled Tuesday Blitz May 10 Late 2022"]
[White "Szabo, Marton Mihaly"]
[Black "Stremavicius, Titas"]
[WhiteFideId "787086"]
[BlackFideId "12804444"]
[WhiteElo "1984"]
[BlackElo "2404"]
[Result "0-1"]
[Round "03"]
[TimeControl "180+1"]
[Date "2022.05.10"]
[WhiteClock "0:00:03"]
[BlackClock "0:00:32"]

1. e4 c5 2. c4 Nc6 3. Nc3 g6 4. g3 Bg7 5. Bg2 e6 6. Nge2 a6 7. O-O Nge7 8. d3 O-O 9. Rb1 b5 10. b3 b4 11. Na4 d6 12. Be3 e5 13. Qd2 Rb8 14. Bh6 f5 15. Bxg7 Kxg7 16. f4 Nd4 17. Nxd4 exd4 18. e5 dxe5 19. fxe5 Qc7 20. Rbe1 Bd7 21. e6 Bxa4 22. bxa4 Qd6 23. Qf4 Rb6 24. Re5 a5 25. h4 h6 26. g4 Qb8 27. Rxc5 Qxf4 28. Rxf4 Rxe6 29. Rxd4 Re1+ 30. Kh2 fxg4 31. Rxg4 Rf2 32. Re4 Rxe4 33. dxe4 Rxa2 34. Rxa5 Nc6 35. Rb5 Rxa4 36. e5 Ra2 37. Kg3 Nd4 38. Rb7+ Kf8 39. Rxb4 Ne2+ 40. Kf2 Nf4+ 41. Kf3 Nxg2 42. Rb6 Nxh4+ 43. Kg4 Rh2 44. Rb8+ Ke7 45. Rb6 Kf7 46. Rf6+ Kg7 47. c5 Nf5 48. Ra6 h5+ 49. Kf4 Rc2 50. Ra7+ Kh6 51. e6 Rxc5 52. e7 Rc8 53. Ke5 Re8 54. Kf6 Rxe7 55. Ra8 Rh7 56. Rg8 Ne7 57. Ra8 Nd5+ 58. Ke5 Nb6 59. Ra1 Rf7 60. Ke6 Rf2 61. Rb1 Nc4 62. Rb8 h4 0-1


[Site "https://www.chess.com"]

[Event "Titled Tuesday Blitz May 10 Late 2022"]
[White "Tatarinov, Dmitry"]
[Black "Sadhwani, Raunak"]
[WhiteFideId "24160067"]
[BlackFideId "35093487"]
[WhiteElo "2302"]
[BlackElo "2616"]
[Result "0-1"]
[Round "03"]
[TimeControl "180+1"]
[Date "2022.05.10"]
[WhiteClock "0:00:08"]
[BlackClock "0:00:08"]

1. d4 Nf6 2. Nf3 g6 3. g3 Bg7 4. Bg2 O-O 5. O-O d6 6. c4 Nbd7 7. Nc3 e5 8. e4 Re8 9. Re1 exd4 10. Nxd4 Nc5 11. f3 c6 12. Be3 a5 13. Qc2 Nfd7 14. Rad1 Ne5 15. b3 Qc7 16. Bf2 h5 17. h3 Ned7 18. f4 Nf8 19. Ndb5 cxb5 20. Nxb5 Qe7 21. Nxd6 b6 22. Nxe8 Qxe8 23. e5 Rb8 24. a3 Bf5 25. Qc3 Qc8 26. b4 axb4 27. axb4 Nce6 28. h4 Nd7 29. Rd6 Bf8 30. Rd2 Be7 31. Red1 Ndf8 32. Ra1 Qc7 33. Rda2 Qd8 34. Rd2 Qe8 35. Ra7 Bd8 36. b5 Rc8 37. Qb4 Rc7 38. Ra8 Qe7 39. Rd6 Nd7 40. Bc6 Kg7 41. Qd2 Ndc5 42. Raxd8 Nxd8 43. Bxc5 Nxc6 44. Rxc6 bxc5 45. Qd6 Qxd6 46. exd6 Rd7 47. Kf2 Be4 48. Rxc5 Rxd6 49. Rc7 Rd3 50. b6 Rb3 51. c5 Kf6 52. Ke2 Ke6 53. Kd2 f6 54. Rc8 Kf5 55. Rf8 Rxg3 56. Re8 Rb3 57. Re7 Kxf4 58. Re6 Kf5 59. Rd6 Ke5 60. Rd8 g5 61. Re8+ Kf4 62. hxg5 fxg5 63. Rf8+ Kg4 64. Re8 Bf3 65. Re3 Rxe3 66. Kxe3 h4 67. Kd4 h3 68. Ke5 h2 69. c6 Bxc6 70. Kd6 Bb7 71. Kc7 h1=Q 0-1


[Site "https://www.chess.com"]

[Event "Titled Tuesday Blitz May 10 Late 2022"]
[White "Tomaszewski, Kacper"]
[Black "Radovanovic, Mihajlo"]
[WhiteFideId "1127373"]
[BlackFideId "940313"]
[WhiteElo "2153"]
[BlackElo "2394"]
[Result "0-1"]
[Round "03"]
[TimeControl "180+1"]
[Date "2022.05.11"]
[WhiteClock "0:00:02"]
[BlackClock "0:00:07"]

1. c4 c5 2. Nf3 Nc6 3. e3 Nf6 4. b3 e5 5. d3 d5 6. cxd5 Nxd5 7. Bb2 f6 8. Be2 Be7 9. O-O O-O 10. Nbd2 Be6 11. a3 Rc8 12. Rc1 Qd7 13. Qc2 Rfd8 14. Qb1 Bf8 15. Bd1 b6 16. Re1 Qf7 17. h4 Nde7 18. Ba1 Nf5 19. Ne4 Nd6 20. Ng3 Qd7 21. h5 Nf5 22. Ne4 Qxd3 23. Bc2 Qa6 24. Nxf6+ gxf6 25. Bxf5 Bxf5 26. Qxf5 Rd6 27. Rc4 Ne7 28. Qg4+ Kf7 29. h6 Ng6 30. Ra4 Qb7 31. Rxa7 Qxa7 32. Qxc8 Bxh6 33. b4 Bf8 34. bxc5 bxc5 35. Rb1 Rb6 36. Rd1 Be7 37. Qf5 Qxa3 38. Bxe5 Qa4 39. Rd7 Re6 40. Ng5+ Ke8 41. Qxe6 Qxd7 42. Qf7+ Kd8 43. Bxf6 Qd1+ 44. Kh2 Qh5+ 45. Nh3 Bxf6 46. Qxf6+ Kc7 47. Qf7+ Kc6 48. Qe6+ Kb5 49. Qd7+ Kb4 50. Qb7+ Kc4 51. Qe4+ Kb5 52. Qb7+ Ka4 53. g3 Qe5 54. Kg2 c4 55. Qa6+ Kb3 56. Qb6+ Kc2 57. Nf4 Nxf4+ 58. gxf4 Qe4+ 59. Kg3 c3 60. Qa6 Kd2 61. Qd6+ Qd3 62. Qb4 Ke2 63. Qb7 c2 64. Qf3+ Kd2 0-1


[Site "https://www.chess.com"]

[Event "Titled Tuesday Blitz May 10 Late 2022"]
[White "Toncheva, Nadya"]
[Black "Fishbein, Alexander"]
[WhiteFideId "2924056"]
[BlackFideId "2000377"]
[WhiteElo "1888"]
[BlackElo "2442"]
[Result "0-1"]
[Round "03"]
[TimeControl "180+1"]
[Date "2022.05.11"]
[WhiteClock "0:00:05"]
[BlackClock "0:00:55"]

1. e4 c5 2. Nf3 d6 3. d4 cxd4 4. Nxd4 Nf6 5. f3 Nc6 6. c4 Qb6 7. Nc2 e6 8. b3 Be7 9. Be3 Qc7 10. Nc3 O-O 11. Qd2 Rd8 12. Be2 d5 13. exd5 exd5 14. Nxd5 Nxd5 15. cxd5 Be6 16. O-O Bxd5 17. Qe1 Ne5 18. Rc1 Bc6 19. Qg3 Bd6 20. Qh3 Qe7 21. Kh1 Bd7 22. Qh5 g6 23. Qh6 Rac8 24. Nd4 Re8 25. Bg5 f6 26. f4 Rxc1 27. Rxc1 Nf7 28. Bc4 Qe1+ 0-1


[Site "https://www.chess.com"]

[Event "Titled Tuesday Blitz May 10 Late 2022"]
[White "Vajda, Levente"]
[Black "Kalajzic, Ivan"]
[WhiteFideId "1203975"]
[BlackFideId "14506378"]
[WhiteElo "2573"]
[BlackElo "2163"]
[Result "1-0"]
[Round "03"]
[TimeControl "180+1"]
[Date "2022.05.11"]
[WhiteClock "0:01:51"]
[BlackClock "0:01:27"]

1. e4 Nc6 2. Nf3 d6 3. d4 Bg4 4. d5 Ne5 5. Be2 Nxf3+ 6. Bxf3 Bxf3 7. Qxf3 g6 8. O-O Bg7 9. c3 Nf6 10. Bg5 Nd7 11. Nd2 O-O 12. Qe2 h6 13. Bh4 g5 14. Bg3 e5 15. dxe6 fxe6 16. f4 gxf4 17. Bxf4 Ne5 18. Bxe5 Bxe5 19. Nf3 Bg7 20. e5 d5 21. Nd4 Qd7 22. Qg4 Rfe8 23. Rf6 c5 24. Nxe6 Re7 25. Raf1 Rae8 26. Rf8+ Rxf8 27. Rxf8+ Kh7 28. Qf5# 1-0


[Site "https://www.chess.com"]